Unix NetHack Version 5.0.0-0 post-release - last build Jun 10 2026 00:39:30 (3ee93aec679c4c4259841fe613dc97188e26a321,branch:main).

Game began 2026-06-17 17:06:38, ended 2026-06-17 17:39:50.

Barrb, neutral female human Barbarian

                                 ---------------------------------
                                 ....a.a@........................|
                                 |  -----..--+----.-----   .----
                                        |..|  |..|.|...|   --
                                        |..|  |..-[|.[.|
                                        |.--------.-...|
                                 |  ---+-.|//.-....|...|
                                 |........|//.|....|----
                                 | -----..-----.--+-
                                   |%!.|........|
                                   |%%.-....--|--
                                   -----.---|...|
                                       ..+  |...|
                                     ....|  |...|
                                    .....-  -----
                                   ......
                                  --------

Barrb the Bandit           St:18 Dx:18 Co:18 In:8 Wi:7 Ch:6  Neutral
Dlvl:7  $:634 HP:0(69) Pw:20(20) AC:6  Xp:6 T:3676  Burdened

Latest messages:
 What do you want to eat? [CDM or ?*] y
 You cannot eat that!
 The fire ant bites!
 The fire ant bites again!
 You're on fire!
 You smite the fire ant!
 The fire ant bites!
 The fire ant bites again!
 You're on fire!
 The fire ant bites!
 The fire ant bites again!
 You avoid harm.
 The fire ant bites!
 The fire ant bites again!
 You avoid harm.
 You kill the fire ant!
 The water nymph stole 4 red gems.
 The water nymph vanishes!
 You hear a door open.
 You miss the fire ant.
 The fire ant bites!
 The fire ant bites again!
 You avoid harm.
 You hear some noises in the distance.
 The fire ant bites!
 The fire ant bites again!
 You avoid harm.
 The fire ant bites!
 The fire ant bites again!
 You're on fire!
 You miss the fire ant.
 The fire ant bites!
 The fire ant bites again!
 You avoid harm.
 The fire ant bites!
 The fire ant bites again!
 You avoid harm.
 You smite the fire ant!
 The fire ant bites!
 The fire ant bites again!
 You avoid harm.
 You smite the fire ant!
 The fire ant bites!
 The fire ant bites again!
 You're on fire!
 The fire ant bites!
 The fire ant bites again!
 You're on fire!
 You die...
 Do you want your possessions identified? [ynq] (y) q

Inventory:
 Coins    ('$')
  $ - 634 gold pieces
 Weapons  (')')
  X - 4 +0 darts
  n - 9 +0 shuriken (at the ready)
  b - a +0 axe (alternate weapon; not wielded)
  a - a +0 two-handed sword (weapon in hands)
 Armor    ('[')
  p - an uncursed rustproof +0 dwarvish iron helm
  g - an uncursed +0 helm of brilliance (being worn)
  Z - an uncursed +0 pair of iron shoes
  c - an uncursed +0 ring mail (being worn)
 Comestibles  ('%')
  M - 2 uncursed food rations
  C - 3 cursed food rations
  D - 2 cursed sprigs of wolfsbane
 Scrolls  ('?')
  z - an uncursed scroll of amnesia
  S - an uncursed scroll of create monster
  j - 2 uncursed scrolls of earth
  r - 2 uncursed scrolls of enchant weapon
  i - an uncursed scroll of remove curse
  N - an uncursed scroll of teleportation
 Spellbooks  ('+')
  s - an uncursed spellbook of create monster
 Potions  ('!')
  t - a blessed potion of gain energy
  e - 2 uncursed potions of gain energy
  V - a cursed potion of invisibility
  q - a potion of holy water
 Rings    ('=')
  y - an uncursed ring of free action
  T - an uncursed ring of slow digestion
 Wands    ('/')
  u - a wand of digging (0:6)
  m - a wand of speed monster (0:6)
  k - a wand of stasis (0:3)
 Tools    ('(')
  O - a bag of tricks (0:15)
  K - an uncursed blindfold
  h - an uncursed lock pick
  W - a rustproof +0 pick-axe
  d - an uncursed tallow candle
  U - an uncursed partly used tallow candle
  w - a tinning kit (0:94)
 Gems/Stones  ('*')
  Q - an uncursed jet stone
  P - an uncursed worthless piece of violet glass

Barrb the Barbarian's attributes:

Background:
 You were a Bandit, a level 6 female human Barbarian.
 You were neutral, on a mission for Crom
 who was opposed by Mitra (lawful) and Set (chaotic).
 You were right-handed.
 You were in the Gnomish Mines, on level 7.
 You entered the dungeon 3676 turns ago.
 There was a new moon in effect when your adventure ended.
 You had 562 experience points, 78 more were needed to attain level 7.

Basics:
 You had 0 out of 69 hit points.
 You had all 20 energy points (spell power).
 Your armor class was 6.
 Your wallet contained 634 zorkmids.
 Autopickup was off.

Final Characteristics:
 Your strength was 18 (limit:18/100).
 Your dexterity was 18 (limit:18).
 Your constitution was 18 (limit:18).
 Your intelligence was 8 (limit:18).
 Your wisdom was 7 (limit:18).
 Your charisma was 6 (limit:18).

Final Status:
 You weren't hungry.
 You were burdened; movement was slightly slowed.
 You were wielding a two-handed sword.
 You had basic skill with two-handed sword and could have enhanced that.

Final Attributes:
 You were piously aligned.
 You were poison resistant.
 You were telepathic.
 You were warded.
 You are dead.

Miscellaneous:
 You encountered 1 bones level.
 Total elapsed playing time was 33 minutes and 11 seconds.

Major events:
 Turn
    1: Barrb the neutral female human Barbarian entered the dungeon
 1037: attained the rank of Pillager (level 3)
 1488: entered the Gnomish Mines
 3005: attained the rank of Bandit (level 6)
 3529: reached Mine Town
 3676: killed by a fire ant

You didn't know any spells.

Skills:
 Fighting Skills
   bare handed combat [Basic]
   two weapon combat  [Unskilled]
   riding             [Unskilled]
 Weapon Skills
   dagger             [Unskilled]
   axe                [Basic]
   pick-axe           [Unskilled]
   short sword        [Unskilled]
   broadsword         [Unskilled]
   long sword         [Unskilled]
   two-handed sword   [Basic]
   saber              [Unskilled]
   club               [Unskilled]
   mace               [Unskilled]
   morning star       [Unskilled]
   flail              [Unskilled]
   hammer             [Unskilled]
   quarterstaff       [Unskilled]
   spear              [Unskilled]
   trident            [Unskilled]
   bow                [Unskilled]
 Spellcasting Skills
   attack spells      [Unskilled]
   escape spells      [Unskilled]

Voluntary challenges:
 Character rerolling was not enabled.
 You were illiterate.
 You never genocided any monsters.
 You never polymorphed an object.
 You never changed form.
 You used no wishes.
Achievements:
 You entered a shop.
 You attained the rank of Pillager.
 You entered the Gnomish Mines.
 You attained the rank of Bandit.
 You entered Minetown.
 You entered a temple.

 The Dungeons of Doom: levels 1 to 5
    Level 1:
       A fountain.
    Level 2:
       A general store, a fountain, a grave.
    Level 3:
       A vegetarian food shop, a fountain, a sink.
    Level 4:
       An altar to Crom, a fountain.
       Stairs down to The Gnomish Mines.
    Level 5:
       A food shop.
       Final resting place for
          Lia-Pri-Hum-Fem-Law, killed by a giant bat, while praying.
 The Gnomish Mines: levels 5 to 7
    Level 5:
    Level 6:
    Level 7: <- You were here.
       Some shops, a temple and an altar.
       Final resting place for
          you, killed by a fire ant.


Vanquished creatures:
  a ghost
  a dust vortex
  a fire ant
  a yellow light
  2 gnome leaders
  3 gnomish wizards
  a straw golem
  2 giant ants
  a little dog
  3 floating eyes
  6 dwarves
  3 giant bats
  5 orc zombies
  a wererat
  a werejackal
 an iguana
  a gas spore
  3 hobbits
  a manes
  a large kobold
  a hobgoblin
  4 giant rats
  a brown mold
  a green mold
 17 gnomes
  a garter snake
  a gnome zombie
  2 jackals
  a fox
  3 kobolds
  a goblin
  a sewer rat
  6 grid bugs
  3 bats
  4 lichens
  6 newts
92 creatures vanquished.

No species were genocided or became extinct.

Game over:
                       ----------
                      /          \
                     /    REST    \
                    /      IN      \
                   /     PEACE      \
                  /                  \
                  |      Barrb       |
                  |      634 Au      |
                  | killed by a fire |
                  |       ant        |
                  |                  |
                  |                  |
                  |       2026       |
                 *|     *  *  *      | *
        _________)/\\_//(\/(/\)/\//\/|_)_______

Goodbye Barrb the Barbarian...

You died in The Gnomish Mines on dungeon level 7 with 3129 points,
and 634 pieces of gold, after 3676 moves.
You were level 6 with a maximum of 69 hit points when you died.

